 Dungeon Crawl Stone Soup version 0.25-a0-613-gf4b266557c (webtiles) character file.

Game seed: 972451555658920572, levelgen mode: deterministic

226 Notrik the Skirmisher (level 6, -19/40 HPs)
             Began as a Gargoyle Fighter on Mar 17, 2020.
             Demolished by an ogre
             ... wielding a +0 giant club
              (24 damage)
             ... on level 4 of the Dungeon.
             The game lasted 00:04:00 (2238 turns).

Notrik the Skirmisher (Gargoyle Fighter)            Turns: 2238, Time: 00:04:01

Health: -19/40     AC: 11    Str: 22    XL:     6   Next: 1%
Magic:  6/6        EV:  7    Int:  8    God:
Gold:   193        SH:  9    Dex:  9    Spells: 5/5 levels left

rFire    . . .     SeeInvis .   a - +0 flail
rCold    . . .     Gourm    .   c - +0 kite shield
rNeg     + . .     Faith    .   g - +0 scale mail (curse)
rPois    ∞         Spirit   .   (no helmet)
rElec    +         Reflect  .   (no cloak)
rCorr    .         Harm     .   (no gloves)
MR       .....                  (no boots)
Stlth    ..........             (no amulet)
HPRegen  0.13/turn              (no ring)
MPRegen  0.10/turn              (no ring)

@: no status effects
A: negative energy resistance 1, electricity resistance, unbreathing,
petrification resistance, rot immunity, AC +4
a: no special abilities


You were on level 4 of the Dungeon.
You were not hungry.

You visited 1 branch of the dungeon, and saw 4 of its levels.

You collected 193 gold pieces.

Inventory:

Hand Weapons
 a - a +0 flail (weapon)
Armour
 b - a +0 scale mail
 c - a +0 kite shield (worn)
 g - a cursed +0 scale mail (worn)
   (You found it on level 1 of the Dungeon)
Jewellery
 l - an uncursed ring of positive energy {unknown}
   (You found it on level 1 of the Dungeon)
 o - an uncursed ring of magical power {unknown}
   (You found it on level 2 of the Dungeon)
Scrolls
 f - a scroll of fear {unknown}
 h - a scroll of fog {unknown}
 i - a scroll of magic mapping {unknown}
 j - a scroll of identify {unknown}
 k - 4 scrolls of remove curse {unknown}
 p - a scroll of teleportation {unknown}
 s - 3 scrolls of immolation {unknown}
 t - a scroll of enchant weapon {unknown}
 u - a scroll of random uselessness {unknown}
Potions
 d - a potion of might
 m - a potion of lignification {unknown}
 n - 2 potions of curing {unknown}
 q - a potion of brilliance {unknown}
 r - a potion of cancellation {unknown}
Comestibles
 e - 4 rations {!d}
 v - 4 chunks of flesh


   Skills:
 * Level 5.5 Fighting
 + Level 3.3 Maces & Flails
 - Level 3.2 Armour
 + Level 4.5 Shields


You had 5 spell levels left.
You didn't know any spells.
Your spell library contained the following spells:

 Spells                   Type           Power        Failure   Level  Hunger
 Animate Skeleton         Necr           N/A          99%         1    ##.....
 Apportation              Tloc           #.....       99%         1    ##.....
 Corona                   Hex            #......      99%         1    ##.....
 Summon Small Mammal      Summ           #...         99%         1    ##.....


Dungeon Overview and Level Annotations

Branches:
Dungeon (4/15)
 Temple: D:4-7

Altars:
Kikubaaqudgha
Sif Muna


Innate Abilities, Weirdness & Mutations

You are resistant to torment.
Your stone body is resilient. (AC +4)
You are immune to poison.
You resist negative energy. (rN+)
You are resistant to electric shocks. (rElec)
You can survive without breathing.
You are immune to petrification.
You are immune to rotting.


Message History

You sock the iguana!
You kill the iguana!
You hear an angry hiss.
An adder comes into view.
You miss the adder. You block the adder's attack.
You hit the adder. The adder bites you but does no damage. The adder bites you.
You closely miss the adder. The adder bites you but does no damage.
You block the adder's attack.
Your shield prevents you from hitting the adder.
The adder closely misses you.
You thump the adder!
You kill the adder!
You have reached level 6!
Your experience leads to an increase in your attributes!
Increase (S)trength, (I)ntelligence, or (D)exterity?
You feel stronger.
You butcher the adder corpse.
v - 2 chunks of flesh (gained 1)
You butcher the iguana corpse.
v - 4 chunks of flesh (gained 2)
Things that are here:
an adder skeleton; an iguana skeleton An ogre comes into view.
It is wielding a +0 giant club.
Things that are here:
an adder skeleton; an iguana skeleton An ogre is nearby!
An ogre is nearby!
An ogre is nearby!
The ogre shouts!
You block the ogre's attack.
Your shield and scale mail prevent you from hitting the ogre.
The ogre closely misses you.
You hit the ogre. The ogre hits you with a +0 giant club!
* * * LOW HITPOINT WARNING * * *
You hit the ogre. The ogre barely misses you.
You hit the ogre. You block the ogre's attack.
You hit the ogre but do no damage. You block the ogre's attack.
You hit the ogre. The ogre barely misses you.
You hit the ogre. The ogre hits you with a +0 giant club!
* * * LOW HITPOINT WARNING * * *
You thump the ogre! You hit the ogre but do no damage.
The ogre closely misses you.
Unknown command.
You closely miss the ogre. You block the ogre's attack.
The ogre barely misses you.
You barely miss the ogre. You closely miss the ogre.
The ogre hits you with a +0 giant club!!
Ouch! That really hurt!
You die...

.# # .# # # .# .# #
.##.## ## # #. .#...
.####.### .. ...
.<....... #. ##O#
...###### #. #@.# ...#
#.###.##
...#########..##.##..#
...##..........÷.....#
...##.#######.##.###.#
...##.# #.##.# ...##.#
#.##.# #####.####
#÷##.#
.........####.##.#


You could see an ogre.

Vanquished Creatures
  A bullfrog skeleton (D:4)
  2 iguanas
  7 adders
  2 oozes
  An adder skeleton (D:4)
  2 worms
  3 dart slugs
  A leopard gecko (D:3)
  3 giant cockroaches
  9 hobgoblins
  8 kobolds
  3 quokkas
  2 ball pythons
  10 bats
  5 frilled lizards
  4 goblins
  6 rats
69 creatures vanquished.

Notes
Turn   | Place    | Note
-------+----------+-------------------------------------------
     0 | D:1      | Notrik the Gargoyle Fighter began the quest for the Orb.
     0 | D:1      | Reached XP level 1. HP: 14/14 MP: 1/1
   137 | D:1      | Reached XP level 2. HP: 19/19 MP: 2/2
   438 | D:1      | Reached XP level 3. HP: 16/24 MP: 3/3
   450 | D:1      | Reached skill level 4 in Fighting
   885 | D:2      | Reached XP level 4. HP: 18/30 MP: 4/4
  1218 | D:2      | Found a shimmering blue altar of Sif Muna.
  1340 | D:3      | Found an ancient bone altar of Kikubaaqudgha.
  1583 | D:3      | Reached XP level 5. HP: 34/34 MP: 5/5
  1791 | D:3      | Reached skill level 5 in Fighting
  2221 | D:4      | Reached XP level 6. HP: 26/40 MP: 6/6
  2238 | D:4      | Demolished by an ogre

Levels and vault maps discovered:
D:1:      lightli_molten_gateway, layout_basic, solitary_fountain,
          minmay_ruptured
D:2:      layout_rooms, marbit_many_paths
D:3:      layout_basic, kiku_gazebo_garden_becter, first_ration,
          grunt_decor_mini_mirrors
D:4:      layout_loops_ring, minmay_temple_entry_nine_rooms

Skill      XL: |  1  2  3  4  5 |
---------------+----------------+-----
Fighting       | 4 5 |  5.5
Shields        | 4 |  4.5
Maces & Flails | 3 |  3.3
Armour         | |  3.2

Action                   |  1- 3 |  4- 6 || total
-------------------------+-------+-------++-------
Melee: Flail             |   144 |   161 ||   305
  Eat: Chunk             |       |     4 ||     4
       Ration            |       |     1 ||     1
Armor: Scale mail        |   115 |    84 ||   199
Dodge: Dodged            |    62 |    64 ||   126
Block: Kite shield       |   119 |    73 ||   192

Table legend:
 A = Non-vault XP
 B = Vault XP
 C = Vault XP percentage of total XP
 D = Non-vault monster count
 E = Vault monster count
 F = Vault count percentage of total count
                 A         B        C        D         E       F
            +---------+---------+-------+---------+---------+-------
      Total |     315 |       9 |   2.8 |      64 |       5 |   7.2
            +---------+---------+-------+---------+---------+-------
        D:1 |      34 |       7 |  17.1 |      19 |       4 |  17.4
        D:2 |      90 |       2 |   2.2 |      22 |       1 |   4.3
        D:3 |      84 |       0 |   0.0 |      18 |       0 |   0.0
        D:4 |     107 |       0 |   0.0 |       5 |       0 |   0.0
            +---------+---------+-------+---------+---------+-------
